 Dungeon Crawl Stone Soup version 0.28-a0-1038-g9c4cb8273d (webtiles) character file.

Game seed: 17532004607624014389

609 yoda5477 the Slasher (level 7, -12/52 HPs)
             Began as a Demonspawn Fighter on Dec 8, 2021.
             Mangled by a shadow (28 damage)
             ... on level 5 of the Dungeon.
             The game lasted 00:12:42 (6098 turns).

yoda5477 the Slasher (Demonspawn Fighter)           Turns: 6098, Time: 00:12:43

Health: -12/52     AC: 14    Str: 19    XL:     7   Next: 19%
Magic:  7/7        EV:  7    Int:  9    God:
Gold:   1243       SH:  5    Dex: 12    Spells: 6/6 levels left

rFire   + . .      SeeInvis .   a - +0 long sword
rCold   . . .      Faith    .   c - +0 buckler
rNeg    . . .      Spirit   .   K - +1 chain mail {Will+}
rPois   .          Reflect  .   (no helmet)
rElec   .          Harm     .   (no cloak)
rCorr   .          Rampage  .   (no gloves)
Will    +....                   j - +0 pair of boots
Stlth   ..........              (no amulet)
HPRegen 0.17/turn               u - ring of protection from fire
MPRegen 0.10/turn               (no ring)

@: no status effects
A: thin metallic scales 2, demonic guardian 1
a: no special abilities


You were on level 5 of the Dungeon.
You visited 2 branches of the dungeon, and saw 7 of its levels.

You collected 1243 gold pieces.

Inventory:

Hand Weapons
 a - a +0 long sword (weapon)
 q - a +0 hunting sling
Missiles
 e - 31 bolts
 f - 43 arrows
 g - 199 stones (quivered)
 n - 4 boomerangs
 t - 22 sling bullets
Armour
 b - a +0 scale mail
 c - a +0 buckler (worn)
 j - a +0 pair of boots (worn)
 l - a +0 kite shield
 K - a +1 chain mail of willpower (worn)
Magical Staves
 k - a staff of earth
 z - a staff of air
 A - a staff of conjuration
Jewellery
 u - a ring of protection from fire (left hand)
 H - a ring of protection from cold
Wands
 C - a wand of paralysis (11)
 E - a wand of iceblast (2)
Scrolls
 h - 3 scrolls of magic mapping {unknown}
 i - 6 scrolls of identify
 p - 2 scrolls of noise {unknown}
 r - a scroll of summoning {unknown}
 s - a scroll of silence {unknown}
 w - a scroll of vulnerability {unknown}
 y - a scroll of enchant armour {unknown}
 B - a scroll of enchant weapon {unknown}
 D - a scroll of fear {unknown}
 I - a scroll of brand weapon {unknown}
Potions
 d - 2 potions of might
 m - a potion of berserk rage
 o - 3 potions of heal wounds {unknown}
 v - a potion of attraction {unknown}
 x - 8 potions of curing {unknown}
 F - a potion of degeneration {unknown}
 G - 2 potions of invisibility {unknown}
 J - a potion of cancellation {unknown}


   Skills:
 - Level 3.0 Fighting
 * Level 6.6 Long Blades
 - Level 2.6 Armour
 * Level 4.1 Shields


You had 6 spell levels left.
You didn't know any spells.
Your spell library contained the following spells:

 Spells                   Type           Power      Damage    Failure   Level
 Animate Skeleton         Necr           0%         N/A       99%         1
 Apportation              Tloc           0%         N/A       99%         1
 Freeze                   Ice            0%         1d3       99%         1
 Summon Small Mammal      Summ           0%         N/A       99%         1
 Sublimation of Blood     Necr           0%         N/A       100%        2
 Wereblood                Tmut           0%         N/A       100%        2
 Frozen Ramparts          Ice            0%         1d2       100%        3
 Hailstorm                Conj/Ice       0%         3d3       100%        4
 Summon Hydra             Summ           0%         N/A       100%        7


Dungeon Overview and Level Annotations

Branches:
Dungeon (6/15)             Temple (1/1) D:5

Altars:
Cheibriados
Dithmenos
Elyvilon
Fedhas
Hepliaklqana
Makhleb
Nemelex Xobeh
Okawaru
Qazlal
Ru
Trog
Uskayaw
Vehumet
Xom
Zin
The Shining One

Annotations:
D:4 3 runed translucent doors, exclusion: 3 doors, Athor's ghost, amateur VSBr


Innate Abilities, Weirdness & Mutations

You are mostly covered in thin metallic scales. (AC +3)
A weak demonic guardian rushes to your aid.


Message History

You slash the white imp!
The white imp is severely wounded.
The white imp hits you but does no damage.
You hit the white imp.
The white imp is severely wounded.
You block the white imp's attack.
You hit the white imp but do no damage.
The white imp is severely wounded.
The white imp barely misses you.
You hit the white imp.
You kill the white imp!
The shadow strikes at you from the darkness!
Reactivating autopickup.
You hit the shadow but do no damage. The shadow hits you.
Your chain mail prevents you from hitting the shadow.
The shadow hits you!
There is a stone staircase leading up here.
The shadow hits you.
You climb upwards.
There is a stone staircase leading down here.
The shadow slips into darkness.
The shadow flickers and vanishes!
Deactivating autopickup; reactivate with Ctrl-A.
There is an open door here.
The shadow strikes at you from the darkness!
* * * LOW HITPOINT WARNING * * *
Reactivating autopickup.
The shadow slips into darkness.
The shadow flickers and vanishes!
Deactivating autopickup; reactivate with Ctrl-A.
The shadow strikes at you from the darkness!
* * * LOW HITPOINT WARNING * * *
Reactivating autopickup.
The shadow slips into darkness.
The shadow flickers and vanishes!
Deactivating autopickup; reactivate with Ctrl-A.
There is a stone staircase leading up here.
The shadow strikes at you from the darkness!
Ouch! That really hurt!
You die...

## ######## .#
#######......######### .#
###...{@'............... .######
#....####............... ......#
#....# #............... ......#
#....######'###......... ......#
#....'......##..........
......####....#########..........
......#.......# #..........
##...##.......#########..........
##...##...............'..........


There were no monsters in sight!

Vanquished Creatures
  2 ogres (D:5)
  A phantom (D:4)
  2 jellies (D:4)
  2 hounds
  2 iguanas (D:4)
  A hound zombie (D:5)
  A hound skeleton (D:5)
  2 adders
  A white imp (D:6)
  A worm (D:2)
  6 orcs
  9 endoplasms
  5 giant cockroaches
  11 goblins
  5 hobgoblins
  4 jackals (D:2)
  5 quokkas
  5 ball pythons
  7 bats (D:1)
  A frilled lizard (D:2)
  6 kobolds
  3 rats
82 creatures vanquished.

Vanquished Creatures (collateral kills)
  A water moccasin zombie (D:5)
  An endoplasm (D:3)
  A kobold (D:3)
3 creatures vanquished.

Vanquished Creatures (others)
  A plant (D:2)
1 creature vanquished.

Grand Total: 86 creatures vanquished

Notes
Turn   | Place    | Note
-------+----------+-------------------------------------------
     0 | D:1      | yoda5477 the Demonspawn Fighter began the quest for the
                  | Orb.
     0 | D:1      | Reached XP level 1. HP: 18/18 MP: 1/1
   306 | D:1      | Reached skill level 2 in Long Blades
   411 | D:1      | Gained mutation: You are partially covered in thin metallic
                  | scales. (AC +2) [demonic ancestry]
   411 | D:1      | Reached XP level 2. HP: 24/24 MP: 2/2
  1027 | D:2      | Gained mutation: You are mostly covered in thin metallic
                  | scales. (AC +3) [demonic ancestry]
  1027 | D:2      | Reached XP level 3. HP: 26/29 MP: 3/3
  1083 | D:2      | Found a faded altar of an unknown god.
  1614 | D:2      | Reached skill level 3 in Long Blades
  1993 | D:3      | Identified a scroll of acquirement
  1993 | D:3      | Acquired 1071 gold pieces
  2241 | D:3      | Gained mutation: A weak demonic guardian rushes to your
                  | aid. [demonic ancestry]
  2241 | D:3      | Reached XP level 4. HP: 32/35 MP: 4/4
  3131 | D:4      | Noticed Athor's ghost (amateur VSBr)
  3133 | D:4      | Noticed a necrophage
  3142 | D:4      | Found a runed translucent gate.
  3142 | D:4      | Found a runed translucent gate.
  3144 | D:4      | Found a runed translucent gate.
  3170 | D:4      | Noticed a phantom
  3408 | D:4      | Reached skill level 4 in Long Blades
  3698 | D:4      | Reached XP level 5. HP: 23/41 MP: 5/5
  4204 | D:4      | Reached skill level 5 in Long Blades
  4211 | D:5      | Entered Level 5 of the Dungeon
  4446 | D:5      | Found a staircase to the Ecumenical Temple.
  4450 | D:5      | Noticed an ogre
  4455 | Temple   | Entered the Ecumenical Temple
  4601 | D:4      | Killed a phantom
  4602 | D:4      | Reached XP level 6. HP: 13/47 MP: 6/6
  4895 | D:4      | Found a hazy altar of Hepliaklqana.
  5095 | D:5      | Found a sparkling altar of Nemelex Xobeh.
  5438 | D:5      | Reached skill level 6 in Long Blades
  5499 | D:5      | Reached XP level 7. HP: 9/52 MP: 7/7
  6057 | D:6      | Noticed a shadow
  6098 | D:5      | Mangled by a shadow

Illustrated notes

Levels and vault maps discovered:
D:1:      zelgadis_glass_arrival_small, layout_basic, interstate_on_off
D:2:      layout_loops_ring, shapermc_ecumenical_altar_ellora
D:3:      layout_basic, serial_bayou_pond_a, grunt_ministairs_10
D:4:      layout_rooms, nicolae_overflow_hidden_temple,
          mainiacjoe_overflow_catwalk, gammafunk_ghost_split
D:5:      layout_basic, nemelex_altar_shiori, minmay_temple_entry_large_hall
D:6:      layout_loops_ring, chequers_temple_overflow_statue_of_worship,
          hellmonk_guarded_unrand_lears, uniq_sigmund
Temple:   dshaligram_water_room_temple

Skill      XL: |  1  2  3  4  5  6 |
---------------+-------------------+-----
Shields        | 3 4 |  4.1
Long Blades    | 2 3 4 5 6 |  6.6
Fighting       | |  3.0
Armour         | |  2.6

Action                   |  1- 3 |  4- 6 |  7- 9 || total
-------------------------+-------+-------+-------++-------
Melee: Long sword        |   161 |   156 |    18 ||   335
Throw: Stone             |       |     4 |       ||     4
  Use: Scroll            |     2 |       |       ||     2
 Stab: Distracted        |       |     1 |       ||     1
Armor: Scale mail        |   100 |    71 |     3 ||   174
       Chain mail        |       |       |     5 ||     5
Dodge: Dodged            |    75 |    63 |     6 ||   144
Block: Buckler           |    38 |    33 |     5 ||    76

Table legend: (Time is in decaauts)
 A = Elapsed time spent in this place.
 B = Non-inter-level travel time spent in this place.
 C = Inter-level travel time spent in this place.
 D = Time resting spent in this place.
 E = Time spent auto-exploring this place.
 F = Levels seen in this place.
 G = Mean time per level.
                   A        B        C        D        E       F      G
               +--------+--------+--------+--------+--------+-----+--------+
         Total |   6192 |   5916 |    276 |   1563 |   3013 |   7 |  884.6 |
       Dungeon |   6101 |   5844 |    257 |   1563 |   2953 |   6 | 1016.8 |
        Temple |     90 |     71 |     19 |      0 |     60 |   1 |   90.0 |
               +--------+--------+--------+--------+--------+-----+--------+

Top non-repeatable levels by time:
     D:4: 1563 daAuts
     D:3: 1387 daAuts
     D:5: 1154 daAuts
     D:1: 1012 daAuts
     D:2: 962 daAuts
  Temple: 90 daAuts
     D:6: 20 daAuts
